 Dungeon Crawl Stone Soup version 0.31-a0-963-ga325b2283a (webtiles) character file.

Game seed: 12267007871135600507

1004 Maratek the Chopper (level 8, 0/70 HPs)
             Began as a Minotaur Fighter on Oct 24, 2023.
             Was a Believer of Jiyva.
             Killed by divine providence
             ... invoked by an orc priest
              (11 damage)
             ... on level 6 of the Dungeon.
             The game lasted 00:07:25 (3718 turns).

Maratek the Chopper (Minotaur Fighter)              Turns: 3718, Time: 00:07:25

Health: 0/70       AC: 10    Str: 22    XL:     8   Next: 0%
Magic:  7/7        EV: 10    Int: 13    God:    Jiyva [**....]
Gold:   237        SH:  5    Dex: 11    Spells: 7/7 levels left

rFire   . . .        g - +2 war axe (freeze)
rCold   . . .        c - +0 buckler
rNeg    . . .        b - +2 scale mail
rPois   .            (helmet restricted)
rElec   .            (no cloak)
rCorr   +            n - +0 pair of gloves "Nuyxopn" {Int+2}
SInv    .            (no boots)
Will    .....        (no amulet) Stlth
                     (no ring)
HPRegen 1.27/turn    m - +6 ring of intelligence
MPRegen 0.40/turn

%: no passive effects
@: about to teleport
A: horns 2, retaliatory headbutt
a: Renounce Religion


You were on level 6 of the Dungeon.
You worshipped Jiyva.
Jiyva was pleased with you.
You visited 1 branch of the dungeon, and saw 6 of its levels.
You also visited: Sewer.

You collected 237 gold pieces.

Inventory:

Hand Weapons
 g - a +2 war axe of freezing (weapon)
Missiles
 w - a throwing net
Armour
 b - a +2 scale mail (worn)
 c - a +0 buckler (worn)
 n - the +0 pair of gloves "Nuyxopn" (worn) {Int+2}
   (You found it on level 2 of the Dungeon)

   Int+2:     It affects your intelligence (+2).
Jewellery
 m - a +6 ring of intelligence (right hand)
 p - the ring "Saciduod" {rPois rF- rN++ Will+ Int+6}
   (You found it on level 6 of the Dungeon)

   [ring of intelligence]

   Int+6:     It affects your intelligence (+6).
   rF-:       It makes you vulnerable to fire.
   rPois:     It protects you from poison rN++: It greatly protects you from
   negative energy.
   Will+:     It increases your willpower.
Wands
 a - a wand of flame (14)
Scrolls
 f - a scroll of vulnerability
 h - a scroll of identify
 k - a scroll of revelation
 r - 2 scrolls of teleportation
Potions
 d - a potion of might
 e - 2 potions of curing {unknown}
 i - 2 potions of brilliance {unknown}
 j - a potion of degeneration {unknown}
 l - 4 potions of haste {unknown}
 o - 3 potions of invisibility {unknown}
 t - 4 potions of berserk rage {unknown}
 v - a potion of attraction {unknown}
 x - 2 potions of mutation {unknown}


   Skills:
 + Level 6.2 Fighting
 + Level 7.3 Axes
 + Level 6.0 Armour
 + Level 1.9 Dodging
 + Level 0.1 Stealth
 + Level 5.6 Shields


You had 7 spell levels left.
You didn't know any spells.
Your spell library contained the following spells:

 Spells                   Type           Power      Damage    Failure   Level
 Blink                    Tloc           0%         N/A       80%         2
 Lesser Beckoning         Tloc           0%         N/A       80%         2
 Momentum Strike          Conj/Tloc      0%         3d8       80%         2
 Simulacrum               Ice/Necr       0%         N/A       100%        6
 Ozocubu's Refrigeration  Ice            0%         4d7       100%        7
 Polar Vortex             Ice            0%         N/A       100%        9


Dungeon Overview and Level Annotations

Branches:
Dungeon (6/15)             Temple (0/1) D:5           Sewer (visited)

Altars:
Makhleb

Shops:
D:1 =   D:2 (:   D:4 [


Innate Abilities, Weirdness & Mutations

You have a pair of horns on your head.
You reflexively headbutt those who attack you in melee.


Message History

The hound barely misses you.
You barely miss the orc warrior. Your headbutt misses the orc warrior.
The orc warrior is heavily wounded.
You barely miss the hound. You hit the orc priest. You freeze the orc priest.
The orc priest hits you but does no damage.
The orc warrior hits you with a +0 mace!
The hound barely misses you.
You closely miss the orc warrior.
The orc warrior is heavily wounded.
You slash the orc priest! You freeze the orc priest.
You kill the orc priest!
You closely miss the hound. The hound misses you.
The orc warrior hits you with a +0 mace!
The hound bites you but does no damage.
The orc warrior hits you with a +0 mace!
The orc priest mumbles some strange prayers to Beogh against you.
Beogh smites you!
* * * LOW HITPOINT WARNING * * *
You have reached level 8!
You feel agile.
You are too injured to fight recklessly!
Blink to where?
Press: ? - help, Q - select action, (/) - cycle Dir - move target An orc comes into view.
It is wielding a +0 short sword.
As you read the scroll of blinking, it crumbles to dust.
The orc shouts!
p - the ring "Saciduod" {rPois rF- rN++ Will+ Int+6} An orc wizard comes into view.
It is wielding a +0 dagger.
As you read the scroll of teleportation, it crumbles to dust.
You feel strangely unstable.
The orc priest casts a cantrip, but nothing happens.
The hound bites you.
* * * LOW HITPOINT WARNING * * *
The hound bites you but does no damage. The hound attacks as it pursues you!
The hound barely misses you. You furiously retaliate!
You headbutt the hound. The hound bites you.
* * * LOW HITPOINT WARNING * * *
The orc priest mumbles some strange prayers to Beogh against you.
Beogh smites you!
You die...

#.#..#..........#
###.............##
#.....).........#
##....)..........# .
#.[.............# ..
###...............#...
##..........o..........
##.............oh.......
.#...##.........@.o.....
....##....##.#......o...
.....#.......#..........
.......#.....#..........
..##...#................
..###.## #...#..........
#..#..## ...#.....##.##
#..#...####.........#..
.................##.#.


You could see an orc warrior, a hound, an orc priest, an orc wizard and an orc.

Vanquished Creatures
  A black bear (D:5)
  3 phantoms
  A howler monkey (D:6)
  A hound (D:5)
  4 jellies
  2 orc priests
  Ijyb (D:5)
  3 orc wizards
  2 iguanas
  12 gnolls
  5 adders
  A river rat (D:4)
  4 worms
  8 orcs
  9 bats
  11 endoplasms
  11 giant cockroaches
  5 goblins
  7 hobgoblins
  3 quokkas
  10 ball pythons
  7 frilled lizards
  5 kobolds
  14 rats
130 creatures vanquished.

Vanquished Creatures (others)
  A scorpion (D:4)
  3 jellies
  A sleepcap (D:6)
  2 iguanas (D:5)
  An orc wizard (D:6)
  2 giant cockroaches (D:4)
10 creatures vanquished.

Grand Total: 140 creatures vanquished

Notes
Turn   | Place    | Note
-------+----------+-------------------------------------------
     0 | D:1      | Maratek the Minotaur Fighter began the quest for the Orb.
     0 | D:1      | Reached XP level 1. HP: 19/19 MP: 0/0
    47 | D:1      | Reached XP level 2. HP: 21/27 MP: 1/1
   166 | D:1      | Found Xeriamma's Jewellery Boutique.
   249 | D:1      | Reached XP level 3. HP: 33/33 MP: 2/2
   500 | D:2      | Found Camin's Antique Weapon Boutique.
   581 | D:2      | Found Meychafa's Book Shop.
   588 | D:2      | Reached skill level 3 in Axes
   588 | D:2      | Reached XP level 4. HP: 35/41 MP: 3/3
   767 | D:2      | Identified the +0 pair of gloves "Nuyxopn" {Int+2}
  1138 | D:3      | Reached XP level 5. HP: 47/47 MP: 4/4
  1153 | D:3      | Reached skill level 4 in Axes
  1350 | D:3      | Reached skill level 5 in Armour
  1867 | D:4      | Found a glowing drain.
  1871 | Sewer    | Entered a sewer
  1959 | Sewer    | Reached skill level 1 in Dodging
  1959 | Sewer    | Reached XP level 6. HP: 36/55 MP: 5/5
  2328 | Sewer    | Reached skill level 5 in Shields
  2338 | Sewer    | Found a viscous altar of Jiyva.
  2343 | Sewer    | Reached skill level 5 in Axes
  2397 | Sewer    | Became a worshipper of Jiyva Jimof the Shapeless
  2562 | D:4      | Reached skill level 5 in Fighting
  2569 | D:4      | Reached XP level 7. HP: 50/61 MP: 6/6
  2640 | D:4      | Found Umuutrirgh's Armour Emporium.
  2645 | D:4      | Found a burning altar of Makhleb.
  2777 | D:4      | Reached * piety under Jiyva
  2869 | D:5      | Entered Level 5 of the Dungeon
  2869 | D:5      | Noticed Ijyb
  2873 | D:5      | Killed Ijyb
  2874 | D:5      | Reached skill level 6 in Axes
  3067 | D:5      | Found a staircase to the Ecumenical Temple.
  3265 | D:5      | Reached ** piety under Jiyva
  3710 | D:6      | Reached skill level 7 in Axes
  3714 | D:6      | Reached XP level 8. HP: 8/70 MP: 7/7
  3714 | D:6      | Identified the ring "Saciduod" {rPois rF- rN++ Will+ Int+6}
  3718 | D:6      | Killed from afar by an orc priest

Illustrated notes

Levels and vault maps discovered:
D:1:      dpeg_arrival_tiny_h, layout_rooms, serial_shops,
          nicolae_shop_tiny_statue_garden
D:2:      minmay_wonky_spiral, layout_rooms, serial_shops,
          nicolae_shop_statue_plus, nicolae_shop_stone, minmay_split_cup_large
D:3:      layout_basic, minmay_misc_feat_pillars, st_stairs_10,
          roderic_cross_of_infinity, serial_park_tiny_pond, due_unseen_surprise
D:4:      layout_rooms, mainiacjoe_overflow_small_starburst,
          gup_sewer_entry_bowl, serial_shops, nicolae_shop_behind_doors
D:5:      layout_loops_ring, minmay_temple_entry_glassed_door, uniq_ijyb
D:6:      minmay_clustersquares, layout_cave_pools

Skill      XL: |  1  2  3  4  5  6  7 |
---------------+----------------------+-----
Fighting       | 4 5 6 |  6.2
Armour         | 4 5 6 |  6.0
Shields        | 4 5 |  5.6
Axes           | 3 4 5 7 |  7.3
Dodging        | 1 |  1.9
Stealth        | |  0.1

Action                     |  1- 3 |  4- 6 |  7- 9 || total
---------------------------+-------+-------+-------++-------
  Melee: War axe           |    40 |   164 |    51 ||   255
         Headbutt          |     8 |    19 |    11 ||    38
    Use: Scroll            |       |    10 |     4 ||    14
 Armour: Scale mail        |    24 |   115 |    45 ||   184
  Dodge: Dodged            |    19 |    85 |    21 ||   125
  Block: Buckler           |     8 |    39 |     8 ||    55

Table legend: (Time is in decaauts)
 A = Elapsed time spent in this place.
 B = Non-inter-level travel time spent in this place.
 C = Inter-level travel time spent in this place.
 D = Time resting spent in this place.
 E = Time spent auto-exploring this place.
 F = Levels seen in this place.
 G = Mean time per level.
                   A        B        C        D        E       F      G
               +--------+--------+--------+--------+--------+-----+--------+
         Total |   3823 |   3648 |    175 |    255 |   2678 |   7 |  546.1 |
       Dungeon |   3199 |   3024 |    175 |      0 |   2455 |   6 |  533.2 |
         Sewer |    623 |    623 |      0 |    255 |    222 |   1 |  623.0 |
               +--------+--------+--------+--------+--------+-----+--------+

Top non-repeatable levels by time:
     D:5: 736 daAuts
     D:3: 725 daAuts
     D:2: 649 daAuts
   Sewer: 623 daAuts
     D:1: 512 daAuts
     D:4: 455 daAuts
     D:6: 119 daAuts
